 Dungeon Crawl Stone Soup version 0.26-b1-32-g5d43845318 (webtiles) character file.

Game seed: 13392911186463855606

336 raceaflais the Sneak (level 6, -6/30 HPs)
             Began as a Spriggan Brigand on Jan 5, 2021.
             Killed by divine providence
             ... invoked by an orc priest
              (13 damage)
             ... on level 4 of the Dungeon.
             The game lasted 00:18:50 (5329 turns).

raceaflais the Sneak (Spriggan Brigand)             Turns: 5329, Time: 00:18:51

Health: -6/30      AC:  6    Str:  7    XL:     6   Next: 28%
Magic:  7/7        EV: 19    Int: 13    God:
Gold:   225        SH:  0    Dex: 19    Spells: 5/5 levels left

rFire    + . .     SeeInvis +   a - +2 dagger
rCold    x . .     Faith    .   (shield restricted)
rNeg     . . .     Spirit   .   b - +0 robe
rPois    .         Reflect  .   (helmet restricted)
rElec    .         Harm     .   c - +0 cloak
rCorr    .         Rampage  .   (gloves unavailable)
Will     +....                  (boots unavailable)
Stlth    ++++......             (no amulet)
HPRegen  0.10/turn              h - ring of fire
MPRegen  0.10/turn              (no ring)

@: very quick
A: very small, unfitting armour, hooves 1, yellow scales 1, see invisible, speed
3, shaggy fur 1, MP-powered wands
a: no special abilities


You were on level 4 of the Dungeon.
You visited 1 branch of the dungeon, and saw 4 of its levels.

You collected 225 gold pieces.

Inventory:

Hand Weapons
 a - a +2 dagger (weapon)
 d - a +0 dagger of distortion
 f - a +0 dagger
 n - a +0 hunting sling
 r - a cursed -3 short sword
 s - a +0 halberd
Missiles
 g - 186 stones (quivered)
 i - 18 arrows
 j - 2 poisoned darts
 o - 16 bolts
 q - a throwing net
 w - 36 sling bullets
Armour
 b - a +0 robe (worn)
 c - a +0 cloak (worn)
 l - a +0 leather armour
 p - a cursed +0 pair of boots
 x - a +0 robe
 y - a +0 chain mail
 B - a scarf of invisibility
Jewellery
 h - a ring of fire (left hand)
Wands
 A - a wand of acid (15)
Scrolls
 m - a scroll of teleportation
 t - 3 scrolls of remove curse
 v - 3 scrolls of magic mapping
 C - a scroll of random uselessness {unknown}
Potions
 k - a potion of might


   Skills:
 + Level 2.0 Fighting
 + Level 3.7 Short Blades
 + Level 4.4 Throwing
 + Level 3.2 Dodging
 + Level 7.6 Stealth


You had 5 spell levels left.
You didn't know any spells.
Your spell library was empty.

Dungeon Overview and Level Annotations

Branches:
Dungeon (4/15)
 Temple: D:4-7

Altars:
Uskayaw


Innate Abilities, Weirdness & Mutations

You are very small and have problems with some larger weapons.
You are too small for most types of armour.
You have supernaturally acute eyesight. (SInv)
You cover ground extremely quickly.
You have large cloven feet.
You are partially covered in yellow scales. (AC +2)
You are covered in fur. (AC +1)
You expend magic power (3 MP) to strengthen your wands.


Message History

There are no items here.
You start resting.
An orc priest is nearby!
Aiming: Corrosive Bolt
Press: ? - help, Shift-Dir - straight line, f - orc priest
Aim: an orc priest (29% to evade) Out of range.
Okay, then.
You start resting.
An orc priest is nearby!
Your extra speed is starting to run out.
Found a stone staircase leading down.
You start resting.
An orc priest is nearby!
You feel yourself slow down.
A bullfrog skeleton comes into view.
Found 22 sling bullets.
The orc priest invokes the aid of Beogh against you.
Beogh smites you!
You die...

##....#..........
......#.o........
.###.#.#..........
##..#.........#
#..#......#.#
#.......### .
#......?.# .
.......#..## ...
....#.##@..#....
...... #......#
....#. #..#.....
...... #..####..
.. . #>... .
.Z..... .###.....
#. ##(.. .. ...


You could see an orc priest and a bullfrog skeleton.

Vanquished Creatures
  A scorpion (D:3)
  Jessica (D:3)
  An orc wizard (D:4)
  2 worker ants
  3 gnolls
  7 adders
  4 worms
  3 dart slugs
  4 leopard geckos
  3 orcs
  6 bats
  6 giant cockroaches
  6 hobgoblins
  4 jackals (D:2)
  4 frilled lizards
  9 goblins
  8 kobolds
  7 rats
79 creatures vanquished.

Notes
Turn   | Place    | Note
-------+----------+-------------------------------------------
     0 | D:1      | raceaflais the Spriggan Brigand began the quest for the
                  | Orb.
     0 | D:1      | Reached XP level 1. HP: 10/10 MP: 2/2
    44 | D:1      | Reached skill level 6 in Stealth
   122 | D:1      | Reached XP level 2. HP: 9/14 MP: 3/3
  1540 | D:2      | Reached XP level 3. HP: 18/18 MP: 4/4
  1919 | D:2      | Gained mutation: You are resistant to electric shocks.
                  | (rElec) [potion of mutation]
  1919 | D:2      | Gained mutation: You have a pair of small horns on your
                  | head. [potion of mutation]
  2984 | D:2      | Reached XP level 4. HP: 19/23 MP: 5/5
  3900 | D:2      | Lost mutation: You have a pair of small horns on your head.
                  | [potion of mutation]
  3900 | D:2      | Lost mutation: You are resistant to electric shocks.
                  | (rElec) [potion of mutation]
  3900 | D:2      | Gained mutation: You expend magic power (3 MP) to
                  | strengthen your wands. [potion of mutation]
  3900 | D:2      | Gained mutation: You are partially covered in yellow
                  | scales. (AC +2) [potion of mutation]
  3900 | D:2      | Gained mutation: You have large cloven feet. [potion of
                  | mutation]
  3900 | D:2      | Gained mutation: You are covered in fur. (AC +1) [potion of
                  | mutation]
  4047 | D:3      | Reached skill level 7 in Stealth
  4047 | D:3      | Reached XP level 5. HP: 26/26 MP: 6/6
  4106 | D:3      | Noticed Jessica
  4107 | D:3      | Killed Jessica
  4673 | D:3      | Reached XP level 6. HP: 30/30 MP: 7/7
  4718 | D:3      | Found a hide-covered altar of Uskayaw.
  5329 | D:4      | Killed from afar by an orc priest

Illustrated notes

Levels and vault maps discovered:
D:1:      dpeg_arrival_round_a, layout_loops_corners
D:2:      layout_loops_cross
D:3:      layout_loops_corners, eat_drink_and_be_merry_uskayaw, st_stairs_1,
          uniq_jessica
D:4:      cheibrodos_barr_body, layout_cave_pools

Skill      XL: |  1  2  3  4  5  6 |
---------------+-------------------+-----
Stealth        | 6 7 |  7.6
Throwing       | 3 4 |  4.4
Dodging        | 2 3 |  3.2
Short Blades   | 3 |  3.7
Fighting       | 2 |  2.0

Action                   |  1- 3 |  4- 6 || total
-------------------------+-------+-------++-------
Melee: Dagger            |    68 |    98 ||   166
       Headbutt          |     1 |     5 ||     6
       Kick              |       |    14 ||    14
Throw: Dart              |    31 |    27 ||    58
       Stone             |    88 |    13 ||   101
       Throwing net      |       |     2 ||     2
  Use: Scroll            |     4 |     4 ||     8
       Potion            |     4 |     4 ||     8
 Stab: Sleeping          |     2 |     9 ||    11
Armor: Robe              |    12 |    25 ||    37
Dodge: Dodged            |    67 |   159 ||   226
